 Dungeon Sprint DCSS version 0.20-a0-1089-g3fde505 (webtiles) character file.

59494 Kidiri the Eclecticist (level 14, 0/88 HPs)
             Began as a Deep Elf Fire Elementalist on May 2, 2017.
             Was the Champion of Vehumet.
             Slain by a sea snake (10 damage)
             ... in the Dungeon (Sprint III: "The Ten Rune Challenge").
             The game lasted 01:08:14 (8745 turns).

Kidiri the Eclecticist (Deep Elf Fire Elementalist) Turns: 8745, Time: 01:08:15

Health: 0/88       AC: 14    Str:  2    XL:     14   Next: 5%
Magic:  40/40      EV: 24    Int: 29    God:    Vehumet [******]
Gold:   6620       SH:  0    Dex: 18    Spells: 12/54 levels left

rFire    . . .     SeeInvis +   d - +7 rapier of True Grit {flame, +Blink rN+ Str-3 Dex+3}
rCold    + + .     Gourm    .   (no shield)
rNeg     + . .     Faith    .   H - +2 robe {rC+}
rPois    .         Spirit   .   p - +2 hat {Int+3}
rElec    +         Reflect  .   U - +2 cloak {+Inv}
rCorr    .         Harm     .   (no gloves)
MR       +....     NoTele   +   b - +2 pair of boots
Stlth    ++........             K - amulet "Imuwnume" {rC+ Regen+ SInv}
Regen    0.7/turn               D - ring of wizardry
MPRegen  0.3/turn               (no ring)

@: lethally poisoned (0 -> -89), hasted, very quick
A: hooves 1, blink, blurry vision 1, shaggy fur 1, electricity resistance
}: 1/10 runes: decaying
a: Blink, Renounce Religion, Evoke Blink, Evoke Invisibility


You were in the Dungeon.
You worshipped Vehumet.
Vehumet was exalted by your worship.
You were full.

You visited 1 branch You collected 7607 gold pieces.
You spent 987 gold pieces at shops.

Inventory:

Hand Weapons
 d - the +7 rapier of True Grit (weapon) {flame, +Blink rN+ Str-3 Dex+3}
   (You bought it in a shop in the Dungeon)

   It has been specially enchanted to burn those struck by it, causing extra
   injury to most foes and up to half again as much damage against particularly
   susceptible opponents.
   It affects your strength (-3).
   It affects your dexterity (+3).
   It protects you from negative energy.
   It lets you blink.
Missiles
 l - a large rock
Armour
 b - a +2 pair of boots (worn)
 p - a +2 hat of intelligence (worn)
 G - a +2 robe of poison resistance
 H - a +2 robe of cold resistance (worn)
 U - a +2 cloak of invisibility (worn)
Jewellery
 D - a ring of wizardry (left hand)
 K - the amulet "Imuwnume" (around neck) {rC+ Regen+ SInv}
   (You found it in the Dungeon)

   [amulet of regeneration]

   It protects you from cold.
   It lets you see invisible.
   It increases your rate of regeneration.
 L - the ring "Maris" {rF+ rC+ MP+9 Str-5 Int+2}
   (You found it in the Dungeon)

   [ring of intelligence]

   It affects your strength (-5).
   It affects your intelligence (+2).
   It protects you from fire.
   It protects you from cold.
   It affects your magic capacity (+9).
Wands
 Q - a wand of paralysis (5/24)
Scrolls
 i - a scroll of blinking
 k - a scroll of fear {unknown}
 o - 3 scrolls of holy word {unknown}
 q - a scroll of remove curse {unknown}
 t - 3 scrolls of immolation {unknown}
 u - 2 scrolls of enchant armour {unknown}
 w - 2 scrolls of amnesia
 E - 3 scrolls of silence {unknown}
Potions
 e - a potion of heal wounds
 g - 2 potions of magic
 h - 2 potions of berserk rage
 r - 2 potions of cancellation
 s - a potion of flight
 v - a potion of ambrosia
 x - a potion of agility {unknown}
 z - a potion of degeneration {unknown}
Books
 n - a book of Fire

   Spells                             Type                      Level
   a - Ignite Poison                  Fire/Transmutation/Poison    3
   b - Fireball                       Conjuration/Fire             5
   c - Bolt of Fire                   Conjuration/Fire             6
   d - Ring of Flames                 Charms/Fire                  7
   e - Ignition                       Fire                         8
 J - the Volume of Mutagenic Venom
   (You found it in the Dungeon)

   Spells                             Type                      Level
   a - Sticks to Snakes               Transmutation                2
   b - Passwall                       Transmutation/Earth          2
   c - Olgreb's Toxic Radiance        Poison                       4
   d - Alistair's Intoxication        Transmutation/Poison         5
   e - Dragon Form                    Transmutation                7
 X - a book of Power

   Spells                             Type                      Level
   a - Iskenderun's Battlesphere      Conjuration/Charms           5
   b - Venom Bolt                     Conjuration/Poison           5
   c - Bolt of Magma                  Conjuration/Fire/Earth       5
   d - Iron Shot                      Conjuration/Earth            6
   e - Orb of Destruction             Conjuration                  7
   f - Spellforged Servitor           Conjuration/Summoning        7
Comestibles
 a - 6 fruits
 c - 7 chunks of flesh
 j - 12 royal jellies


   Skills:
 + Level 10.5 Fighting
 - Level 11.0 Short Blades
 + Level 10.5 Armour
 + Level 14.5 Dodging
 - Level 2.4 Stealth
 * Level 20.7 Spellcasting
 + Level 13.3 Conjurations
 + Level 13.6 Fire Magic
 + Level 8.2 Ice Magic
 + Level 11.0 Air Magic
 + Level 8.5 Earth Magic
 + Level 11.5 Poison Magic
 - Level 10.8 Evocations


You had 12 spell levels left.
You knew the following spells:

 Your Spells              Type           Power        Failure   Level  Hunger
a - Flame Tongue          Conj/Fire      #####        0%          1    None
b - Throw Flame           Conj/Fire      ######       0%          2    None
c - Conjure Flame         Conj/Fire      #######.     0%          3    None
d - Inner Flame           Hex/Fire       ######..     1%          3    None
e - Ignite Poison         Fire/Tmut/Pois ######..     1%          3    None
f - Sticky Flame          Conj/Fire      #######.     1%          4    None
g - Fireball              Conj/Fire      #######...   1%          5    None
h - Bolt of Fire          Conj/Fire      #######...   1%          6    None
i - Bolt of Cold          Conj/Ice       #######...   1%          6    None
l - Iron Shot             Conj/Erth      #######...   1%          6    None
m - Mephitic Cloud        Conj/Pois/Air  #######.     1%          3    None


Dungeon Overview and Level Annotations

Branches:
Dungeon (1/1)

Altars:
Cheibriados
Dithmenos
Elyvilon
Fedhas
Gozag
Hepliaklqana
Kikubaaqudgha
Makhleb
Nemelex Xobeh
Okawaru
Qazlal
Ru
Sif Muna
Trog
Uskayaw
Vehumet
Wu Jian
Xom
Yredelemnul
Zin
The Shining One
Beogh
Jiyva
Lugonu

Shops:
D :(%:

Annotations:
D exclusion: 3 doors


Innate Abilities, Weirdness & Mutations

You have large cloven feet.
You can translocate small distances at will.
Scrolls take you a little longer to read.
You are covered in fur. (AC +1)
You are resistant to electric shocks. (rElec)


Message History

Moving in this stuff is going to be slow.
You feel extremely sick.
Okay, then.
Unknown command.
You feel extremely sick.
There is an open door, spattered with blood here.
* * * LOW HITPOINT WARNING * * *
You feel very sick. The sea snake closely misses you.
You feel much better.
You feel very sick. The sea snake bites you!!
* * * LOW HITPOINT WARNING * * *
You are more poisoned.
The sea snake poisons you!
You feel yourself speed up.
* * * LOW HITPOINT WARNING * * *
You feel extremely sick. The sea snake bites you!
You die...

.......♣♣♣♣≈≈≈........≈≈≈...#....
...≈≈≈≈'♣♣'♣≈≈≈≈≈≈≈≈≈≈≈≈♣♣P.'....
≈+.....#.≈♣♣♣♣♣♣♣♣♣♣♣♣♣♣♣♣P.#....
...♣♣♣♣#..♣♣ ♣♣♣##+## ....♣
###'♣♣♣♣♣♣♣♣♣♣♣♣♣♣♣ #...+ ##.♣♣
♣♣♣♣.##).##≈≈(≈≈≈..# #...# [.♣.♣
♣...##.##.#≈≈≈≈≈...# #(..# ##+♣♣
♣♣.##(##.##S≈≈≈≈≈####+##### ...♣
♣..#.##..@#≈≈....§§?.#)... ####♣♣
♣♣.##[##..#S..+#######.... .....♣
♣♣.##.#####...#...)).#..÷. ....P♣
♣.....##.....(#♣♣♣._)#.... #+####
########'###### #####+### #.♣♣♣♣
▓≈≈≈≈≈≈≈≈ #.... #♣≈..♣ ▓≈≈≈≈≈≈≈≈
#.### ♣...♣###### ▓≈≈≈..≈≈≈ #.#
♣....#≈≈..# ▓≈≈.÷..≈≈ #.#


You could see a sea snake.

Vanquished Creatures
  Rupert (D)
  A deep elf blademaster (D)
  Gastronok (D)
  Harold (D)
  Polyphemus (D)
  4 azure jellies (D)
  Ilsuiw (D)
  3 deep elf demonologists (D)
  A deep elf annihilator (D)
  2 dire elephants (D)
  2 hydras (D)
  2 deep elf high priests (D)
  6 ice dragons (D)
  Erolcha (D)
  5 orc high priests (D)
  Urug (D)
  4 death yaks (D)
  A death drake (D)
  A spriggan druid (D)
  A lindwurm (D)
  Joseph (D)
  An orc sorcerer (D)
  6 deep elf magi (D)
  2 black mambas (D)
  2 elephants (D)
  2 spiny frogs (D)
  A komodo dragon (D)
  A rime drake (D)
  3 wandering mushrooms (D)
  A queen bee (D)
  2 tyrant leeches (D)
  8 blink frogs (D)
  3 dream sheep (D)
  2 spriggans (D)
  A shadow (D)
  5 redbacks (D)
  A spatial vortex (D)
  A hydra simulacrum (D)
  2 orc warriors (D)
  A swamp drake (D)
  A necrophage (D)
  5 two-headed ogres (D)
  A water elemental (D)
  22 killer bees (D)
  An electric eel (D)
  A jelly (D)
  5 orc priests (D)
  2 orc wizards (D)
  Crazy Yiuf (D)
  Jessica (D)
  A wizard (D)
  A necromancer (D)
  A kobold demonologist (D)
  3 humans (D)
  An ooze (D)
  2 swamp drake simulacra (D)
  7 orcs (D)
  2 rats (D)
  10 plants (D)
154 creatures vanquished.

Vanquished Creatures (collateral kills)
  8 killer bees (D)
8 creatures vanquished.

Vanquished Creatures (others)
  2 draconian scorchers (D)
  A hydra (D)
  6 hellions (D)
  3 yaktaurs (D)
  2 killer bees (D)
  9 plants (D)
23 creatures vanquished.

Grand Total: 185 creatures vanquished

Notes
Turn   | Place    | Note
-------+----------+-------------------------------------------
     0 | D        | Kidiri the Deep Elf Fire Elementalist began the quest for the Orb.
     0 | D        | Reached XP level 1. HP: 10/10 MP: 6/6
    46 | D        | Killed a yaktaur
    77 | D        | Killed a hellion
   116 | D        | Killed a hellion
   125 | D        | Killed a hellion
   128 | D        | Killed a hellion
   157 | D        | Killed a hellion
   160 | D        | Killed a hellion
   167 | D        | Killed a white draconian scorcher
   169 | D        | Killed a white draconian scorcher
   208 | D        | Noticed Jessica
   211 | D        | Killed Jessica
   211 | D        | Reached skill level 1 in Fighting
   211 | D        | Reached skill level 1 in Armour
   211 | D        | Reached skill level 5 in Spellcasting
   211 | D        | Reached XP level 2. HP: 16/16 MP: 2/10
   211 | D        | Reached XP level 3. HP: 20/20 MP: 2/11
   215 | D        | Learned a level 2 spell: Throw Flame
   219 | D        | Learned a level 3 spell: Conjure Flame
   223 | D        | Learned a level 3 spell: Inner Flame
   360 | D        | Killed a six-headed hydra
   524 | D        | Noticed Crazy Yiuf
   528 | D        | Killed Crazy Yiuf
   528 | D        | Reached skill level 6 in Spellcasting
   528 | D        | Reached XP level 4. HP: 26/26 MP: 9/14
   556 | D        | Gained mutation: You tend to lose your temper in combat. [potion of mutation]
   556 | D        | Gained mutation: Your spells are a little easier to cast, but a little less powerful. [potion of mutation]
   556 | D        | Gained mutation: You are partially covered in slimy green scales. (AC +2) [potion of mutation]
   557 | D        | Lost mutation: Your spells are a little easier to cast, but a little less powerful. [potion of mutation]
   557 | D        | Lost mutation: You tend to lose your temper in combat. [potion of mutation]
   557 | D        | Lost mutation: You are partially covered in slimy green scales. (AC +2) [potion of mutation]
   557 | D        | Gained mutation: You have a pair of small horns on your head. [potion of mutation]
   557 | D        | Lost mutation: You have a pair of small horns on your head. [potion of mutation]
   557 | D        | Gained mutation: You are covered in fur. (AC +1) [potion of mutation]
   557 | D        | Gained mutation: Your mind is acute. (Int +2) [potion of mutation]
   558 | D        | Lost mutation: Your mind is acute. (Int +2) [potion of mutation]
   558 | D        | Gained mutation: You have a pair of small horns on your head. [potion of mutation]
   558 | D        | Gained mutation: You can translocate small distances at will. [potion of mutation]
   559 | D        | Lost mutation: You have a pair of small horns on your head. [potion of mutation]
   559 | D        | Gained mutation: You are resistant to electric shocks. (rElec) [potion of mutation]
   559 | D        | Gained mutation: You have large cloven feet. [potion of mutation]
   569 | D        | Noticed a water elemental
   574 | D        | Killed a water elemental
   574 | D        | Reached skill level 5 in Dodging
   574 | D        | Reached skill level 7 in Spellcasting
   574 | D        | Reached skill level 5 in Fire Magic
   574 | D        | Reached skill level 1 in Evocations
   580 | D        | Learned a level 4 spell: Sticky Flame
   621 | D        | Found a radiant altar of Vehumet.
   622 | D        | Noticed a wizard
   622 | D        | Found a deep blue altar of Sif Muna.
   622 | D        | Found an ancient bone altar of Kikubaaqudgha.
   626 | D        | Killed a wizard
   626 | D        | Reached XP level 5. HP: 32/32 MP: 2/17
   627 | D        | Reached skill level 8 in Spellcasting
   637 | D        | Became a worshipper of Vehumet
   644 | D        | Learned a level 5 spell: Fireball
   730 | D        | Found a glowing silver altar of Zin.
   731 | D        | Found a glowing golden altar of the Shining One.
   731 | D        | Found a white marble altar of Elyvilon.
   731 | D        | Noticed a deep elf mage
   734 | D        | Noticed an ice beast
   739 | D        | Noticed an ice beast
   739 | D        | Killed a deep elf mage
   739 | D        | Reached skill level 10 in Spellcasting
   739 | D        | Reached skill level 5 in Conjurations
   739 | D        | Reached XP level 6. HP: 38/38 MP: 8/21
   739 | D        | Reached XP level 7. HP: 43/43 MP: 8/22
   817 | D        | Found a hide-covered altar of Uskayaw.
   817 | D        | Found a roughly hewn altar of Beogh.
   817 | D        | Found an iron altar of Okawaru.
   817 | D        | Found a bloodstained altar of Trog.
   817 | D        | Found an ornate altar of the Wu Jian Council.
   817 | D        | Noticed a human
   821 | D        | Noticed a human
   835 | D        | Killed a human
   835 | D        | Reached skill level 5 in Evocations
   853 | D        | Killed a human
   853 | D        | Reached * piety under Vehumet
   853 | D        | Offered knowledge of Shock by Vehumet.
   853 | D        | Reached skill level 11 in Spellcasting
   856 | D        | Learned a level 1 spell: Shock
  1054 | D        | Found a basalt altar of Yredelemnul.
  1054 | D        | Found a shadowy altar of Dithmenos.
  1054 | D        | Found a sacrificial altar of Ru.
  1085 | D        | Offered knowledge of Freeze by Vehumet.
  1085 | D        | Reached ** piety under Vehumet
  1085 | D        | Reached skill level 1 in Air Magic
  1086 | D        | Noticed a shadow
  1096 | D        | Killed a shadow
  1096 | D        | Reached skill level 5 in Fighting
  1096 | D        | Reached skill level 5 in Armour
  1096 | D        | Reached XP level 8. HP: 49/49 MP: 14/25
  1155 | D        | Found a blossoming altar of Fedhas.
  1155 | D        | Found a stormy altar of Qazlal.
  1155 | D        | Found a snail-covered altar of Cheibriados.
  1155 | D        | Found a burning altar of Makhleb.
  1155 | D        | Found a shimmering altar of Xom.
  1156 | D        | Found a hazy altar of Hepliaklqana.
  1156 | D        | Found an opulent altar of Gozag.
  1156 | D        | Found a sparkling altar of Nemelex Xobeh.
  1156 | D        | Found a corrupted altar of Lugonu.
  1156 | D        | Found a viscous altar of Jiyva.
  1235 | D        | Reached *** piety under Vehumet
  1235 | D        | Reached skill level 12 in Spellcasting
  1338 | D        | Noticed a two-headed ogre
  1348 | D        | Killed a two-headed ogre
  1348 | D        | Offered knowledge of Mephitic Cloud by Vehumet.
  1348 | D        | Reached skill level 5 in Short Blades
  1353 | D        | Learned a level 3 spell: Mephitic Cloud
  1500 | D        | Noticed a two-headed ogre
  1500 | D        | Noticed Erolcha
  1504 | D        | Offered knowledge of Fulminant Prism by Vehumet.
  1507 | D        | Reached **** piety under Vehumet
  1507 | D        | Reached skill level 1 in Poison Magic
  1507 | D        | Reached XP level 9. HP: 52/54 MP: 11/27
  1511 | D        | Killed Erolcha
  1511 | D        | Reached skill level 13 in Spellcasting
  1612 | D        | Killed a two-headed ogre
  1685 | D        | Noticed a queen bee
  1692 | D        | Offered knowledge of Airstrike by Vehumet.
  1696 | D        | Reached ***** piety under Vehumet
  1699 | D        | Killed a queen bee
  1862 | D        | Learned a level 4 spell: Airstrike
  1885 | D        | Offered knowledge of Bolt of Fire by Vehumet.
  1893 | D        | Learned a level 6 spell: Bolt of Fire
  2064 | D        | Reached ****** piety under Vehumet
  2067 | D        | Offered knowledge of Spellforged Servitor by Vehumet.
  2076 | D        | Reached skill level 14 in Spellcasting
  2095 | D        | Reached XP level 10. HP: 61/61 MP: 7/30
  2197 | D        | Reached skill level 5 in Air Magic
  2249 | D        | Offered knowledge of Bolt of Draining by Vehumet.
  2293 | D        | Noticed a spiny frog
  2293 | D        | Noticed a spiny frog
  2297 | D        | Killed a spiny frog
  2297 | D        | Reached skill level 10 in Dodging
  2297 | D        | Killed a spiny frog
  2433 | D        | Reached skill level 5 in Poison Magic
  2800 | D        | Noticed a lindwurm
  2804 | D        | Killed a lindwurm
  2804 | D        | Offered knowledge of Conjure Ball Lightning by Vehumet.
  2804 | D        | Reached skill level 15 in Spellcasting
  2804 | D        | Reached skill level 10 in Fire Magic
  2911 | D        | Noticed Urug
  2966 | D        | Killed Urug
  3217 | D        | Reached XP level 11. HP: 54/67 MP: 25/32
  3220 | D        | Offered knowledge of Ozocubu's Refrigeration by Vehumet.
  3235 | D        | Noticed Rupert
  3294 | D        | Paralysed by Rupert for 6 turns
  3310 | D        | Killed Rupert
  3310 | D        | Reached skill level 16 in Spellcasting
  3310 | D        | Reached skill level 10 in Conjurations
  3409 | D        | Noticed a death yak
  3410 | D        | Noticed a death yak
  3413 | D        | Killed a death yak
  3415 | D        | Noticed a death yak
  3415 | D        | Killed a death yak
  3415 | D        | Reached skill level 10 in Evocations
  3417 | D        | Noticed a death yak
  3417 | D        | Killed a death yak
  3544 | D        | Offered knowledge of Iron Shot by Vehumet.
  3546 | D        | Killed a death yak
  3546 | D        | Reached skill level 17 in Spellcasting
  3557 | D        | Learned a level 6 spell: Iron Shot
  3657 | D        | Noticed an azure jelly
  3657 | D        | Noticed an azure jelly
  3673 | D        | Noticed an ice dragon
  3673 | D        | Noticed an ice dragon
  3674 | D        | Noticed an ice dragon
  3677 | D        | Killed an ice dragon
  3678 | D        | Noticed an ice dragon
  3679 | D        | Noticed an ice dragon
  3799 | D        | Killed an ice dragon
  3799 | D        | Reached skill level 1 in Earth Magic
  3974 | D        | Killed an ice dragon
  3974 | D        | Offered knowledge of Bolt of Cold by Vehumet.
  3974 | D        | Reached XP level 12. HP: 30/75 MP: 19/35
  3991 | D        | Learned a level 6 spell: Bolt of Cold
  4188 | D        | Noticed an ice dragon
  4190 | D        | Killed an ice dragon
  4438 | D        | Found Girraf's Book Shoppe.
  4438 | D        | Found Biydeic's Antique Weapon Boutique.
  4438 | D        | Found Mudeubus's Food Emporium.
  4488 | D        | Killed an ice dragon
  4488 | D        | Reached skill level 1 in Ice Magic
  4647 | D        | Killed an ice dragon
  4832 | D        | Got a decaying rune of Zot
  5051 | D        | Noticed an orc high priest
  5055 | D        | Killed an orc high priest
  5061 | D        | Offered knowledge of Fire Storm by Vehumet.
  5061 | D        | Offered knowledge of Chain Lightning by Vehumet.
  5061 | D        | Offered knowledge of Tornado by Vehumet.
  5087 | D        | Noticed an orc high priest
  5111 | D        | Killed an orc high priest
  5255 | D        | Found Houremm's Book Shoppe.
  5403 | D        | Bought a slimy rapier for 207 gold pieces
  5404 | D        | Bought a book of Fire for 780 gold pieces
  5404 | D        | Identified the +7 rapier of True Grit {flame, +Blink rN+ Str-3 Dex+3} (You bought it in a shop in the Dungeon)
  5494 | D        | Noticed an azure jelly
  5494 | D        | Noticed an azure jelly
  5495 | D        | Noticed a dire elephant
  5495 | D        | Noticed a dire elephant
  5495 | D        | Noticed Gastronok
  5778 | D        | Killed a dire elephant
  5778 | D        | Reached skill level 18 in Spellcasting
  5820 | D        | Killed Gastronok
  5820 | D        | Reached skill level 10 in Short Blades
  5825 | D        | Learned a level 3 spell: Ignite Poison
  5957 | D        | Killed a dire elephant
  6313 | D        | Reached skill level 5 in Earth Magic
  6429 | D        | Noticed a deep elf high priest
  6494 | D        | Killed a deep elf high priest
  6680 | D        | Noticed a deep elf high priest
  6681 | D        | Noticed a deep elf annihilator
  6682 | D        | Got a faintly humming plate armour
  6683 | D        | Noticed a deep elf demonologist
  6694 | D        | Identified the +6 plate armour "Xuddol" {+Fly} (You took it off a deep elf high priest in the Dungeon)
  6719 | D        | Gained mutation: Scrolls take you a little longer to read. [mutagenic glow]
  6931 | D        | Noticed a deep elf demonologist
  6931 | D        | Noticed a deep elf demonologist
  6933 | D        | Noticed a deep elf blademaster
  6935 | D        | Killed a deep elf demonologist
  6935 | D        | Reached skill level 5 in Ice Magic
  6935 | D        | Reached XP level 13. HP: 80/80 MP: 27/37
  7088 | D        | Killed a deep elf demonologist
  7089 | D        | Killed a deep elf annihilator
  7089 | D        | Reached skill level 19 in Spellcasting
  7101 | D        | Killed a deep elf blademaster
  7101 | D        | Reached skill level 10 in Poison Magic
  7103 | D        | Killed a deep elf demonologist
  7248 | D        | Got a pitted ring mail
  7257 | D        | Identified the Volume of Mutagenic Venom
  7260 | D        | Got a coiled bone amulet
  7260 | D        | Got a slimy brass ring
  7268 | D        | Got a crystal shortbow
  7352 | D        | Identified the +5 ring mail of the Vestibule of Hell {-Tele rPois MP+9 Str+5} (You took it off a deep elf blademaster in the Dungeon)
  7405 | D        | Identified the amulet "Imuwnume" {rC+ Regen+ SInv} (You found it in the Dungeon)
  7407 | D        | Lost strength.
  7407 | D        | Identified the ring "Maris" {rF+ rC+ MP+9 Str-5 Int+2} (You found it in the Dungeon)
  7411 | D        | Identified the +5 shortbow of Guile {venom, +Inv} (You found it in the Dungeon)
  7708 | D        | Noticed Harold
  7708 | D        | Noticed Joseph
  7713 | D        | Killed Harold
  7713 | D        | Reached skill level 10 in Air Magic
  7714 | D        | Killed Joseph
  8123 | D        | Killed an azure jelly
  8123 | D        | Reached skill level 10 in Fighting
  8123 | D        | Reached skill level 10 in Armour
  8123 | D        | Killed an azure jelly
  8123 | D        | Killed an azure jelly
  8123 | D        | Reached skill level 20 in Spellcasting
  8148 | D        | Killed an azure jelly
  8496 | D        | Found a blossoming altar of Fedhas.
  8529 | D        | Noticed Polyphemus
  8543 | D        | Noticed Ilsuiw
  8544 | D        | Killed Polyphemus
  8568 | D        | Killed Ilsuiw
  8568 | D        | Reached XP level 14. HP: 49/87 MP: 5/40
  8745 | D        | Slain by a sea snake

Vault maps used:
D:        dungeon_sprint_mu

Skill      XL: |  1  2  3  4  5  6  7  8  9 10 11 12 13 |
---------------+----------------------------------------+-----
Dodging        | 3 4 5 6 7 8 9 10 12 13 14 | 14.5
Fighting       | 1 2 4 5 6 7 8 9 10 | 10.5
Armour         | 1 2 4 5 6 7 8 9 10 | 10.5
Spellcasting   | 5 6 7 10 11 12 14 15 17 18 20 | 20.7
Conjurations   | 2 3 4 5 6 7 8 9 11 12 13 | 13.3
Fire Magic     | 4 5 6 7 8 9 10 11 12 13 | 13.6
Evocations     | 2 4 5 6 8 9 10 | 10.8
Short Blades   | 3 4 5 6 7 9 10 11 | 11.0
Air Magic      | 1 3 4 6 8 9 11 | 11.0
Poison Magic   | 1 3 5 8 9 11 | 11.5
Earth Magic    | 1 5 8 |  8.5
Ice Magic      | 5 8 |  8.2
Stealth        | |  2.4

Action                   |  1- 3 |  4- 6 |  7- 9 | 10-12 | 13-15 || total
-------------------------+-------+-------+-------+-------+-------++-------
Melee: Dagger            |       |       |     4 |       |       ||     4
       Unarmed           |       |       |     1 |       |       ||     1
       Rapier            |       |       |       |    30 |    22 ||    52
 Cast: Flame Tongue      |    20 |    11 |    89 |    66 |    11 ||   197
       Throw Flame       |     1 |       |     2 |     1 |       ||     4
       Sticky Flame      |       |     3 |    14 |    15 |     2 ||    34
       Conjure Flame     |       |     1 |    12 |    11 |     2 ||    26
       Mephitic Cloud    |       |       |     8 |    17 |     5 ||    30
       Fireball          |       |       |     2 |    12 |    13 ||    27
       Inner Flame       |       |       |     3 |       |       ||     3
       Bolt of Fire      |       |       |       |    51 |    28 ||    79
       Airstrike         |       |       |       |     5 |       ||     5
       Iron Shot         |       |       |       |     7 |       ||     7
       Ignite Poison     |       |       |       |     3 |     3 ||     6
 Abil: Evoke Invisibilit |       |       |       |     8 |     2 ||    10
       Blink             |       |       |       |     2 |     3 ||     5
Evoke: Wand              |       |       |       |       |     1 ||     1
  Use: Potion            |       |     4 |     1 |     1 |     4 ||    10
       Scroll            |       |     2 |       |       |     2 ||     4
 Stab: Confused          |       |       |     1 |     2 |       ||     3
       Invisible         |       |       |       |     4 |       ||     4
  Eat: Royal jelly       |       |       |     2 |     6 |     5 ||    13
       Chunk             |       |       |       |     6 |       ||     6
       Bread ration      |       |       |       |     2 |       ||     2
Armor: Robe              |     1 |     2 |     5 |     9 |    10 ||    27
       Ice dragon scales |       |       |       |     5 |       ||     5
Dodge: Dodged            |     4 |    11 |    32 |    59 |    27 ||   133
